 Dungeon Crawl Stone Soup version 0.19.0-19-g8c6edcc (webtiles) character file.

111 Rrauwl the Digger (level 4, -2/26 HPs)
             Began as a Gargoyle Earth Elementalist on Nov 12, 2016.
             Killed from afar by an orc wizard (9 damage)
             ... with a puff of flame
             ... on level 3 of the Dungeon.
             The game lasted 00:21:58 (1706 turns).

Rrauwl the Digger (Gargoyle Earth Elementalist)     Turns: 1706, Time: 00:21:59

Health: -2/26      AC:  5    Str: 12    XL:     4   Next: 92%
Magic:  2/7        EV: 12    Int: 16    God:
Gold:   119        SH:  0    Dex: 10    Spells: 2 memorised, 4 levels left

rFire  . . .     SeeInvis .     s - +1 whip (flame)
rCold  . . .     Gourm    .     c - +0 robe
rNeg   + . .     Faith    .     (no shield)
rPois  ∞         Spirit   .     (helmet restricted)
rElec  +         Reflect  +     (no cloak)
rCorr  .         Harm     .     (no gloves)
MR     .....                    (no boots)
Stlth  ..........               j - +3 amulet of reflection
                                k - ring of loudness (curse)
                                m - ring of poison resistance

@: confused
A: horns 1, blurry vision 1, negative energy resistance 1, electricity
resistance, unbreathing, petrification resistance, rot immunity, AC +3
a: no special abilities


You were on level 3 of the Dungeon.
You were not hungry.

You visited 1 branch of the dungeon, and saw 4 of its levels.

You collected 119 gold pieces.

Inventory:

Hand Weapons
 s - a +1 whip of flaming (weapon)
Missiles
 b - 118 stones (quivered)
Armour
 c - a +0 robe (worn)
Jewellery
 f - an uncursed ring of resist corrosion
 j - a +3 amulet of reflection (around neck)
 k - a cursed ring of loudness (right hand)
 m - a ring of poison resistance (left hand)
 q - an uncursed amulet of harm {unknown}
Scrolls
 h - 2 scrolls of identify
 o - a scroll of amnesia
 p - a scroll of fog {unknown}
Potions
 n - a potion of curing
 t - a potion of flight
Books
 e - a book of Geomancy

   Spells                             Type                      Level
   a - Sandblast                      Earth                        1
   b - Passwall                       Transmutation/Earth          2
   c - Stone Arrow                    Conjuration/Earth            3
   d - Petrify                        Transmutation/Earth          4
   e - Lee's Rapid Deconstruction     Earth                        5
Comestibles
 a - 3 chunks of flesh
 d - a bread ration
 g - 4 slices of pizza
 i - a meat ration


   Skills:
 * Level 2.1 Fighting
   Level 0.3 Slings
 * Level 2.1 Armour
 - Level 1.5 Dodging
 - Level 2.1 Stealth
 + Level 2.5 Spellcasting
 * Level 0.9 Conjurations
   Level 0.7 Transmutations
 + Level 4.5 Earth Magic


You had 4 spell levels left.
You knew the following spells:

 Your Spells              Type           Power        Failure   Level  Hunger
a - Stone Arrow           Conj/Erth      ##....       21%         3    ###....
b - Sandblast             Erth           ###...       3%          1    #......


Dungeon Overview and Level Annotations

Branches:
Dungeon (4/15)
 Temple: D:4-7

Altars:


Innate Abilities, Weirdness & Mutations

You are resistant to torment.
Your stone body is resilient. (AC +3)
You are immune to poison.
You resist negative energy. (rN+)
You are resistant to electric shocks. (rElec)
You can survive without breathing.
You are immune to petrification.
You are immune to rotting.
You have a pair of small horns on your head.
Scrolls take you a little longer to read.


Message History

a hand axe; a ring mail; an orc corpse You bump into the rock wall.
An orc wizard appears from thin air!
Reactivating autopickup.
The orc wizard hits you but does no damage.
You hit the orc wizard. You burn the orc wizard.
The orc wizard is severely wounded.
The orc wizard closely misses you.
You bump into the rock wall.
The orc wizard gestures at you while chanting.
The magic dart hits you!
* * * LOW HITPOINT WARNING * * *
You barely miss the orc wizard.
You headbutt the orc wizard, but do no damage.
The orc wizard is severely wounded.
The orc wizard hits you but does no damage.
You barely miss the orc wizard.
The orc wizard is severely wounded.
The orc wizard gestures at you while chanting.
The puff of flame hits you!
You die...

#...........
#####........#..
#...............
####............#..
...#............#..
..........#########
...#....### ###
#######....# ##..
#...o@.....########...
#....)#...............
#.....#...............
#.......##<.(#........
#.....######.#........
#...... ............
######## ###.....>...
##........ #........


You could see an orc wizard.

Vanquished Creatures
  An orc wizard (D:3)
  3 adders (D:2)
  An adder skeleton (D:4)
  3 worms (D:2)
  A dart slug (D:1)
  2 leopard geckos
  8 orcs
  A ball python (D:1)
  2 goblins (D:1)
  4 hobgoblins
  3 kobolds
  2 quokkas (D:2)
  8 bats
  2 frilled lizards (D:2)
  10 rats
51 creatures vanquished.

Notes
Turn   | Place    | Note
-------+----------+-------------------------------------------
     0 | D:1      | Rrauwl the Gargoyle Earth Elementalist began the quest for the Orb.
     0 | D:1      | Reached XP level 1. HP: 10/10 MP: 3/3
   183 | D:1      | Reached XP level 2. HP: 15/15 MP: 5/5
   312 | D:1      | Reached skill level 4 in Earth Magic
   506 | D:1      | Reached skill level 1 in Fighting
   560 | D:2      | Reached skill level 1 in Armour
   560 | D:2      | Reached XP level 3. HP: 19/20 MP: 0/6
   876 | D:2      | Learned a level 3 spell: Stone Arrow
   910 | D:2      | Learned a level 1 spell: Sandblast
  1003 | D:2      | You fall through a shaft for 2 floors!
  1134 | D:3      | Reached XP level 4. HP: 19/26 MP: 0/7
  1247 | D:3      | Gained mutation: You have a pair of small horns on your head. [potion of mutation]
  1247 | D:3      | Gained mutation: Scrolls take you a little longer to read. [potion of mutation]
  1706 | D:3      | Killed from afar by an orc wizard

Skill      XL: |  1  2  3  4 |
---------------+-------------+-----
Earth Magic    | 4 |  4.5
Fighting       | 1 2 |  2.1
Armour         | 1 2 |  2.1
Slings         | |  0.3
Dodging        | |  1.5
Stealth        | |  2.1
Spellcasting   | |  2.5
Conjurations   | |  0.9
Transmutations | |  0.7

Action                   |  1- 3 |  4- 6 || total
-------------------------+-------+-------++-------
Melee: Whip              |     7 |    17 ||    24
       Dagger            |    48 |    27 ||    75
       Headbutt          |       |     3 ||     3
 Fire: Hunting sling     |    34 |       ||    34
 Cast: Sandblast         |    44 |    33 ||    77
       Stone Arrow       |     2 |       ||     2
  Use: Potion            |     3 |     2 ||     5
       Scroll            |     3 |     3 ||     6
  Eat: Chunk             |     1 |     3 ||     4
Armor: Chain mail        |    63 |       ||    63
       Robe              |    29 |    32 ||    61
Dodge: Dodged            |    70 |    38 ||   108
Block: Other             |     8 |     7 ||    15
